Map: Dragon Scales LE

Players

Wayfarer - Winner!

  • Race: Terran Terran
  • Spawn Location: 11:00

VOD

Have the link to the VOD?

Description

Time

  • Played on: Feb. 24, 2023, 12:18 p.m.
  • Length: 7:22
Show
View Real Time Build Order
Export as new Build Order

Wayfarer Terran - Winner!

Build Orders: Reaper Expand 

Get SALT Encoding   

  12  0:02  SCV  
  12  0:14  SCV  
  12  0:19  Supply Depot  
  12  0:26  SCV  
  12  0:40  SCV  
  12  0:42  Barracks  
  12  0:46  Refinery  
  12  0:52  SCV  
  12  0:56  Refinery  
  12  1:04  SCV  
  12  1:17  SCV  
  12  1:30  Reaper  
  12  1:31  Orbital Command  
  12  1:35  Supply Depot  
  12  1:45  Factory  
  12  1:57  SCV  
  12  2:04  Supply Depot, Barracks Reactor  
  12  2:12  SCV  
  12  2:24  SCV  
  12  2:29  Hellion  
  12  2:38  SCV  
  12  2:40  Reaper x2  
  12  2:50  Hellion, SCV  
  12  3:00  Command Center  
  12  3:04  SCV  
  12  3:11  Supply Depot  
  12  3:15  Factory Tech Lab  
  12  3:22  SCV  
  12  3:28  Starport  
  12  3:30  Marine  
  12  3:32  Marine  
  12  3:34  SCV  
  12  3:40  Siege Tank  
  12  3:47  SCV  
  12  3:51  Marine x2  
  12  4:01  SCV  
  12  4:04  Starport Tech Lab  
  12  4:11  Marine x2  
  12  4:13  SCV  
  12  4:17  Siege Tank  
  12  4:18  Orbital Command  
  12  4:24  Raven  
  12  4:26  SCV  
  12  4:31  Marine x2, Supply Depot  
  12  4:38  SCV  
  12  4:45  SCV  
  12  4:49  Supply Depot  
  12  4:50  Marine x2  
  12  4:51  Siege Tank  
  12  4:55  SCV  
  12  4:57  SCV  
  12  4:58  Raven  
  12  5:07  SCV  
  12  5:09  SCV  
  12  5:17  Command Center, Marine x2  
  12  5:20  SCV  
  12  5:21  SCV  
  12  5:26  Siege Tank  
  12  5:27  Supply Depot  
  12  5:35  Raven  
  12  5:36  SCV x2  
  12  5:42  Refinery  
  12  5:45  Refinery  
  12  5:48  Marine x2  
  12  5:50  SCV x2  
  12  5:51  Supply Depot  
  12  5:58  Siege Tank  
  12  6:02  SCV  
  12  6:13  SCV  
  12  6:28  SCV x2  
  12  6:32  Supply Depot  
  12  6:34  Barracks  
  12  6:35  Supply Depot, Barracks, Viking  
  12  6:36  Viking  
  12  6:38  Siege Tank  
  12  6:41  SCV x2  
  12  6:47  Engineering Bay  
  12  6:49  Engineering Bay  
  12  6:50  Marine  
  12  6:53  SCV x2  
  12  7:08  SCV x2  
Tags
 
Add a new tag
Caveats
  • Supply blocks, unpowered buildings, or Contaminate may cause inaccurate times.
  • Supply counts are checked every 10 seconds.